 Dungeon Crawl Stone Soup version 0.29.1-15-g9cfb28693d (webtiles) character file.

Game seed: 8404441297603546369

44 BigDaddyOpFi the Trooper (level 3, 0/33 HPs)
             Began as a Hill Orc Fighter on Feb 24, 2023.
             Slain by Sigmund
             ... wielding a +0 scythe
              (4 damage)
             ... on level 2 of the Dungeon.
             The game lasted 00:00:52 (1054 turns).

BigDaddyOpFi the Trooper (Hill Orc Fighter)         Turns: 1054, Time: 00:00:52

Health: 0/33       AC:  7    Str: 20    XL:     3   Next: 62%
Magic:  3/3        EV:  9    Int:  8    God:
Gold:   10         SH:  0    Dex: 10    Spells: 2/2 levels left

rFire   . . .      SeeInvis .   a - +0 war axe
rCold   . . .      Faith    .   c - +0 buckler
rNeg    . . .      Spirit   .   b - +0 scale mail
rPois   .          Reflect  .   (no helmet)
rElec   .          Harm     .   (no cloak)
rCorr   .          Rampage  .   (no gloves)
Will    .....                   (no boots)
Stlth   ..........              (no amulet)
HPRegen 0.11/turn               (no ring)
MPRegen 0.08/turn               (no ring)

@: confused, mighty, on berserk cooldown, slowed, very slow
A: no striking features
a: no special abilities


You were on level 2 of the Dungeon.
You visited 1 branch of the dungeon, and saw 2 of its levels.

You collected 10 gold pieces.

Inventory:

Hand Weapons
 a - a +0 war axe (weapon)
Armour
 b - a +0 scale mail (worn)
 c - a +0 buckler (worn)
Scrolls
 g - a scroll of teleportation {unknown}


   Skills:
 + Level 4.1 Fighting
 + Level 3.3 Axes
 + Level 3.8 Armour
 + Level 3.8 Shields


You had 2 spell levels left.
You didn't know any spells.
Your spell library was empty.

Dungeon Overview and Level Annotations

Branches:
Dungeon (2/15)

Altars:

Annotations:
D:2 Sigmund


Message History

The adder bites you but does no damage. The adder closely misses you.
Something hits you.
You feel very mighty all of a sudden.
You feel sick. You block the adder's attack.
Something hits you but does no damage.
It was a potion of heal wounds.
You feel much better.
You feel sick. The adder bites you. The adder barely misses you.
You slice the adder!!
You kill the adder!
You feel sick. Something hits you!
You feel sick.
You hear some strange, mumbled words.
You are confused.
You closely miss something.
You feel sick. Something hits you.
You feel much better.
You feel sick.
You are no longer poisoned.
Something hits you but does no damage.
You closely miss something.
You hear some strange, mumbled words.
You are more confused.
Something hits you.
You're too confused to move!
Something hits you.
It was a potion of berserk rage.
A red film seems to cover your vision as you go berserk!
You feel yourself moving faster!
You feel mighty! Something hits you but does no damage.
You feel a strong urge to attack something.
You're too confused to move!
Something hits you!
You're too confused to move!
You feel your anger nearly subside.
You bump into the rock wall.
You are no longer berserk.
You are exhausted.
You feel yourself slow down.
You hear some strange, mumbled words.
You are more confused.
You completely miss something. Something hits you!
* * * LOW HITPOINT WARNING * * *
You miss something. Something hits you.
You die...

#. . .##
... #.#
####### #.#
#.....# #{#
#.###.# #@#
#.#.#.# #.#
#...#.# #.#
###.#.#
#.#####.#.#
#.....#.#.#
#####.#.#.#
#...#.#.#
#.#.#.#.#
#<.)..#.#


There were no monsters in sight!

Vanquished Creatures
  An adder (D:2)
  4 endoplasms (D:1)
  A giant cockroach (D:1)
  3 goblins (D:1)
  4 hobgoblins
  4 jackals (D:1)
  2 quokkas (D:1)
  A ball python (D:1)
  3 bats
  6 kobolds
  3 rats (D:1)
32 creatures vanquished.

Notes
Turn   | Place    | Note
-------+----------+-------------------------------------------
     0 | D:1      | BigDaddyOpFi the Hill Orc Fighter began the quest for the
                  | Orb.
     0 | D:1      | Reached XP level 1. HP: 19/19 MP: 1/1
   220 | D:1      | Reached XP level 2. HP: 25/27 MP: 2/2
   665 | D:1      | Reached skill level 4 in Fighting
   670 | D:1      | Reached XP level 3. HP: 29/33 MP: 3/3
  1034 | D:2      | Noticed Sigmund
  1054 | D:2      | Slain by Sigmund

Illustrated notes

Levels and vault maps discovered:
D:1:      dpeg_chamrin_arrival_tetris, layout_basic
D:2:      layout_basic, shapermc_ecumenical_altar_petra, minivault_5,
          dk_vineyard_2, roderic_serpentine_path, uniq_sigmund

Skill      XL: |  1  2 |
---------------+-------+-----
Axes           | 3 |  3.3
Fighting       | 4 |  4.1
Armour         | |  3.8
Shields        | |  3.8

Action                   || total
-------------------------++-------
Melee: War axe           ||    93
  Use: Potion            ||     4
Armor: Scale mail        ||    53
Dodge: Dodged            ||    34
Block: Buckler           ||    26
